 Seeded DCSS version 0.29-a0-375-g5102b3be25 (webtiles) character file.

Game seed: 3853640191977401903 (custom seed)

343 zeratav the Changer (level 6, -8/38 HPs)
             Began as an Octopode Transmuter on May 3, 2022.
             Was an Initiate of Gozag.
             Mangled by a gnoll sergeant
             ... wielding the +3 woodcutter's axe {vorpal}
              (15 damage)
             ... on level 4 of the Dungeon.
             The game lasted 00:07:31 (4592 turns).

zeratav the Changer (Octopode Transmuter)           Turns: 4592, Time: 00:07:31

Health: -8/38      AC:  6    Str: 13    XL:     6   Next: 57%
Magic:  13/18      EV: 18    Int: 23    God:    Gozag
Gold:   2009       SH:  0    Dex: 12    Spells: 5/9 levels left

rFire   . . .      SeeInvis .     - Unarmed
rCold   . . .      Faith    .   (shield currently unavailable)
rNeg    . . .      Spirit   .   (helmet currently unavailable)
rPois   x          Reflect  .   (no amulet)
rElec   .          Harm     .   e - ring of Beiges {rCorr MP+9 Str+3 Int+6 Dex-5}
rCorr   +          Rampage  .   h - +4 ring of protection
Will    .....                   (no ring)
Stlth   +.........              (no ring)
HPRegen 0.12/turn               (no ring)
MPRegen 0.16/turn               (no ring)
                                (no ring)
                                (no ring)

@: spider-form
A: venomous fangs, almost no armour, (amphibious), 8 rings, tiny, (camouflage
1), (gelatinous body 1), (nimble swimmer 1), (tentacles)
a: End Transformation, Renounce Religion, Potion Petition, Call Merchant, Bribe
Branch


You were on level 4 of the Dungeon.
You worshipped Gozag.
Gozag was most pleased with you.
You were a venomous arachnid creature.
You visited 1 branch of the dungeon, and saw 5 of its levels.

You collected 2195 gold pieces.
You spent 168 gold pieces at shops.
You paid 18 gold pieces to Gozag.


Innate Abilities, Weirdness & Mutations

You are a venomous arachnid creature.
You have poisonous fangs.
You are tiny and dextrous.
Your spellcasting is less reliable in this form.
Your armour is entirely melded.
You are incapable of wielding weapons or throwing items.
You cannot wear most types of armour.
((You are amphibious.))
You can wear up to eight rings at the same time.
((Your skin changes colour to match your surroundings (Stealth+).))
((Your rubbery body absorbs attacks. (AC +1, EV +1)))
((You are camouflaged when in or above water. (Stealth+)))
((You have tentacles for arms and can constrict up to eight enemies at once.))


   Skills:
 - Level 1.0 Fighting
 - Level 2.0 Dodging
 - Level 3.3 Unarmed Combat
 - Level 2.0 Spellcasting
 + Level 6.6 Transmutations


You had 5 spell levels left.
You knew the following spells:

 Your Spells              Type           Power      Damage    Failure   Level
a - Beastly Appendage     Tmut           64%        N/A       4%          1
b - Spider Form           Tmut/Pois      17%        N/A       24%         3

Your spell library contained the following spells:

 Spells                   Type           Power      Damage    Failure   Level
 Wereblood                Tmut           32%        N/A       6%          2
 Sublimation of Blood     Necr           2%         N/A       38%         2
 Blade Hands              Tmut           16%        N/A       45%         5
 Ice Form                 Ice/Tmut       17%        N/A       54%         4
 Gell's Gravitas          Tloc           2%         N/A       58%         3
 Lesser Beckoning         Tloc           2%         N/A       58%         3
 Portal Projectile        Hex/Tloc       4%         N/A       58%         3
 Teleport Other           Tloc           2%         N/A       58%         3
 Excruciating Wounds      Necr           1%         N/A       99%         5
 Summon Hydra             Summ           1%         N/A       100%        7

Inventory:

Jewellery
 e - the ring of Beiges (left front leg) {rCorr MP+9 Str+3 Int+6 Dex-5}
   (You acquired it on level 1 of the Dungeon)

   [ring of intelligence]

   Str:       It affects your strength (+3).
   Int:       It affects your intelligence (+6).
   Dex:       It affects your dexterity (-5).
   MP:        It affects your magic capacity (+9).
   rCorr:     It protects you from acid and corrosion.
 h - a +4 ring of protection (right front leg)
   (You found it on level 2 of the Dungeon)
 m - an amulet of magic regeneration {@e2}
   (You found it on level 3 of the Dungeon)
Scrolls
 b - a scroll of magic mapping {unknown}
 c - 4 scrolls of teleportation {unknown}
 d - 4 scrolls of identify {unknown}
 g - 3 scrolls of immolation {!r!r}
 j - a scroll of amnesia {unknown}
 l - a scroll of fog {unknown}
Potions
 a - a potion of lignification {!q}
 f - a potion of invisibility {unknown}
 i - 2 potions of heal wounds {@q2}
 k - a potion of curing {@q1}

Dungeon Overview and Level Annotations

Branches:
Dungeon (5/15)
 Temple: D:4-7

Altars:
Gozag

Shops:
D:1 (([!   D:2 !

Annotations:
D:3 3 runed translucent doors, lesaewzxc's ghost, amateur SpCj
D:5 1 runed translucent door, Crazy Yiuf

#.# #.# #.# #.# ....♣..
################.# .♣g.)
.................# .....
.################# .g. .#
################# )..
.####...........sggg# ♣g♣
......#############g##♣g♣
#####.# #.g##$# #.#
##...$# ### ######


You could see a gnoll sergeant (fast, extremely poisoned), a gnoll shaman and 2
gnolls.


Message History

You take 7 damage, and now have 27/38 hp.
The gnoll shouts!
You hit the gnoll.
You hear a shout!
The gnoll is no longer distracted by gold.
You barely miss the gnoll. The gnoll closely misses you. The gnoll misses you.
You hit the gnoll.
The gnoll looks as sick as possible!
You kill the gnoll!
The gnoll closely misses you.
The gnoll shaman is distracted by your dazzling golden aura.
A gnoll sergeant comes into view.
It is wielding the +3 woodcutter's axe {vorpal}.
HP[+1]
The gnoll shaman shouts!
You bite the gnoll!
The gnoll is poisoned.
The gnoll barely misses you.
You hit the gnoll.
You kill the gnoll!
The gnoll shaman is no longer distracted by gold.
A gnoll comes into view. It is wielding a +1 halberd of venom.
MP[+1]
You barely miss the gnoll.
The gnoll is distracted by your dazzling golden aura.
The gnoll completely misses you.
The gnoll shouts!
You hit the gnoll but do no damage. You completely miss the gnoll.
A gnoll comes into view. It is wielding a +0 hand axe.
The gnoll shouts!
You hit the gnoll shaman but do no damage.
The gnoll shaman is poisoned.
You hit the gnoll shaman.
The gnoll shaman calls down the wrath of its god upon you.
You are outlined in light.
Your transformation is almost over.
The gnoll shaman is distracted by your dazzling golden aura.
HP[+1] MP[+1]
Your mp is fully restored (18).
The gnoll shaman shouts!
Casting: Spider Form (quite dangerous; 24% risk of failure)
Confirm with . or Enter, or press ? or * to list all spells.
The spell is quite dangerous to miscast (24% risk of failure)!
Continue anyway?
Okay, then.
HP[+1]
Your transformation has ended.
Casting: Spider Form (dangerous; 10% risk of failure)
Confirm with . or Enter, or press ? or * to list all spells.
You miscast Spider Form.
You are very lightly contaminated with residual magic.
Nothing appears to happen.
The gnoll shaman looks more healthy.
The gnoll shaman utters an invocation to its god.
The gnoll shaman is healed somewhat.
MP[-3]
You lost 3 mp, and now have 15/18 mp.
You tentacle-slap the gnoll shaman but do no damage.
You grab the gnoll shaman.
You squeeze the gnoll shaman, but do no damage.
You constrict the gnoll shaman.
The gnoll shaman calls upon its god to speed up the gnoll sergeant.
The gnoll sergeant seems to speed up.
You tentacle-slap the gnoll shaman but do no damage.
You squeeze the gnoll shaman.
You constrict the gnoll shaman, but do no damage.
The gnoll shaman hits you with a +0 club.
HP[-5]
You take 5 damage, and now have 25/38 hp.
You release your grip on the gnoll shaman.
Casting: Spider Form (dangerous; 10% risk of failure)
Confirm with . or Enter, or press ? or * to list all spells.
You turn into a venomous arachnid creature.
MP[-3]
You lost 3 mp, and now have 12/18 mp.
You hit the gnoll sergeant but do no damage.
The gnoll sergeant is poisoned.
You are no longer glowing.
The gnoll sergeant barely misses you.
MP[+1]
You barely miss the gnoll sergeant.
The gnoll sergeant completely misses you.
The gnoll shaman prays to its god.
The gnoll shaman is healed somewhat.
You hit the gnoll sergeant.
The gnoll sergeant looks even sicker.
The gnoll sergeant barely misses you. The gnoll sergeant misses you.
HP[+1]
You hit the gnoll sergeant but do no damage.
The gnoll sergeant looks as sick as possible!
The gnoll sergeant barely misses you.
Your magical contamination has completely faded away.
You hit the gnoll sergeant.
The gnoll sergeant looks as sick as possible!
The gnoll sergeant hits you with the +3 woodcutter's axe {vorpal}!
* * * LOW HITPOINT WARNING * * *
x2 The gnoll shaman calls upon its god to heal the gnoll sergeant.
The gnoll sergeant is healed somewhat.
The gnoll sergeant closely misses you.
HP[-19]
You take 19 damage, and now have 7/38 hp.
MASSIVE DAMAGE!! (PAUSE)
You bite the gnoll sergeant!
The gnoll sergeant looks as sick as possible!
The gnoll sergeant hits you with the +3 woodcutter's axe {vorpal}!
You die...
Your body crumbles into a pile of gold.

Skill      XL: |  1  2  3  4  5 |
---------------+----------------+-----
Transmutations | 3 5 6 |  6.6
Fighting       | |  1.0
Dodging        | |  2.0
Unarmed Combat | |  3.3
Spellcasting   | |  2.0

Action                   |  1- 3 |  4- 6 || total
-------------------------+-------+-------++-------
Melee: Unarmed           |    72 |   132 ||   204
       Constrict         |    18 |    12 ||    30
       Tentacles         |     9 |    10 ||    19
       Punch             |     2 |     1 ||     3
       Kick              |     1 |     6 ||     7
 Cast: Beastly Appendage |     3 |     7 ||    10
       Spider Form       |       |    10 ||    10
  Use: Scroll            |     3 |       ||     3
 Stab: Sleeping          |     5 |     2 ||     7
       Distracted        |     1 |       ||     1
Armor: Skin              |     7 |    28 ||    35
Dodge: Dodged            |    48 |    90 ||   138

Levels and vault maps discovered:
D:1:      kilobyte_arrival_exit_the_forest, layout_loops_ring, serial_shops,
          nicolae_shop_statue_plus, shop, nicolae_shop_advertising_works
          [nicolae_subvault_shop_adworks], shop_fountains, nrook_mini_vaults
D:2:      layout_basic, serial_shops, shop, basic_altar,
          nicolae_concentric_dashed_squares_wild
D:3:      layout_basic, hellmonk_ecumenical_altar_blasted,
          gammafunk_ghost_nasty_kobolds, kennysheep_crisscross, chequers_jeans
D:4:      layout_basic, makhleb_heckhound_becter, pf_guarded_unrand_woodcutter
D:5:      layout_basic, mainiacjoe_overflow_six_doors_small,
          nicolae_wu_jian_immortal_techniques,
          mainiacjoe_overflow_surrounded_room, gup_sewer_entry_pipe,
          serial_shops, nicolae_shop_hallway_plus, minmay_pentangle,
          uniq_crazy_yiuf_cottage

Notes
Turn   | Place    | Note
-------+----------+-------------------------------------------
     0 | D:1      | zeratav the Octopode Transmuter began the quest for the
                  | Orb.
     0 | D:1      | Reached XP level 1. HP: 13/13 MP: 3/3
     0 | D:1      | magus.rc [v1.9.6]
   458 | D:1      | Found Xutira's Antique Weapon Boutique.
   680 | D:1      | Reached XP level 2. HP: 18/18 MP: 5/5
   720 | D:1      | Found Fonyeneyf's Antique Weapon Boutique.
   860 | D:1      | Found Taxaret's Armour Shoppe.
   927 | D:1      | Found Hunookki's Distillery.
  1104 | D:1      | You pick up a book of Blood and begin reading...
  1104 | D:1      | You add the spells Sublimation of Blood and Summon Hydra to
                  | your library.
  1174 | D:1      | Identified 2 scrolls of acquirement
  1174 | D:1      | Acquired 1018 gold pieces
  1176 | D:1      | Acquired the ring of Beiges {rCorr MP+9 Str+3 Int+6 Dex-5}
  1260 | D:2      | Reached skill level 3 in Transmutations
  1342 | D:2      | Reached XP level 3. HP: 19/23 MP: 6/6
  1446 | D:2      | Found an opulent altar of Gozag.
  1589 | D:2      | Became a worshipper of Gozag Ym Sagoz the Greedy
  1710 | D:2      | Upgraded the game from 0.29-a0-371-g91724d5b39 to
                  | 0.29-a0-375-g5102b3be25
  1710 | D:2      | magus.rc [v1.9.6]
  2029 | D:2      | Found Xeott's Distillery.
  2034 | D:2      | Bought a potion of heal wounds for 60 gold pieces
  2034 | D:2      | Bought a potion of heal wounds for 60 gold pieces
  2034 | D:2      | Bought a potion of degeneration for 12 gold pieces
  2034 | D:2      | Bought a potion of curing for 36 gold pieces
  2037 | D:2      | Acquired 633 gold pieces
  2499 | D:2      | Reached XP level 4. HP: 24/28 MP: 7/7
  2672 | D:3      | Reached skill level 4 in Transmutations
  2702 | D:3      | Learned a level 3 spell: Spider Form
  3030 | D:3      | You fall into a shaft and drop 2 floors!
  3030 | D:5      | Entered Level 5 of the Dungeon
  3084 | D:5      | Found a runed translucent door.
  3085 | D:5      | Noticed Crazy Yiuf
  3129 | D:5      | Reached skill level 5 in Transmutations
  3129 | D:5      | Reached XP level 5. HP: 27/33 MP: 8/8
  3146 | D:4      | Noticed a phantom
  3157 | D:4      | Killed a phantom
  3377 | D:4      | Reached skill level 6 in Transmutations
  3377 | D:4      | Reached XP level 6. HP: 38/38 MP: 9/9
  3479 | D:3      | Found a faded altar of an unknown god.
  3534 | D:3      | You pick up a book of Weapons and begin reading...
  3534 | D:3      | You add the spells Portal Projectile, Excruciating Wounds
                  | and Blade Hands to your library.
  4083 | D:3      | Found a runed translucent gate.
  4083 | D:3      | Found a runed translucent gate.
  4083 | D:3      | Found a runed translucent gate.
  4093 | D:3      | Noticed lesaewzxc's ghost (amateur SpCj)
  4222 | D:3      | You pick up a book of Displacement and begin reading...
  4222 | D:3      | You add the spells Lesser Beckoning, Gell's Gravitas and
                  | Teleport Other to your library.
  4591 | D:4      | HP: 7/38 [gnoll sergeant/the +3 woodcutter's axe {vorpal}
                  | (5)]
  4592 | D:4      | Mangled by a gnoll sergeant

Vanquished Creatures
  A phantom (D:4)
  A howler monkey (D:4)
  A hound (D:5)
  7 gnolls (D:4)
  6 adders
  2 worms (D:3)
  2 dart slugs (D:2)
  4 orcs
  10 ball pythons
  4 giant cockroaches
  6 goblins
  2 hobgoblins
  8 kobolds
  7 quokkas
  3 bats (D:2)
  2 frilled lizards
  5 rats
71 creatures vanquished.

Vanquished Creatures (others)
  3 fungi (D:3)
  A plant (D:3)
4 creatures vanquished.

Grand Total: 75 creatures vanquished

Table legend:
 A = Non-vault XP
 B = Vault XP
 C = Vault XP percentage of total XP
 D = Non-vault monster count
 E = Vault monster count
 F = Vault count percentage of total count
                 A         B        C        D         E       F
            +---------+---------+-------+---------+---------+-------
      Total |     389 |     101 |  20.6 |      64 |       7 |   9.9
            +---------+---------+-------+---------+---------+-------
        D:1 |      16 |       0 |   0.0 |      10 |       0 |   0.0
        D:2 |      67 |       0 |   0.0 |      23 |       0 |   0.0
        D:3 |      61 |       0 |   0.0 |      18 |       0 |   0.0
        D:4 |     174 |     101 |  36.7 |       9 |       7 |  43.8
        D:5 |      71 |       0 |   0.0 |       4 |       0 |   0.0
            +---------+---------+-------+---------+---------+-------

Illustrated notes

Table legend:
 A = Kills in this place as a percentage of kills in entire the game.
 B = Kills by you in this place as a percentage of kills by you in the entire game.
 C = Kills by friends in this place as a percentage of kills by friends in the entire game.
 D = Other kills in this place as a percentage of other kills in the entire game.
 E = Experience gained in this place as a percentage of experience gained in the entire game.
 F = Experience gained in this place divided by the number of levels of this place that you have seen.
                   A       B       C       D       E      F
               +-------+-------+-------+-------+-------+----------------------
         Total | 100.0 | 100.0 |   N/A |   N/A | 100.0 |  98.0
       Dungeon | 100.0 | 100.0 |   N/A |   N/A | 100.0 |  98.0
               +-------+-------+-------+-------+-------+----------------------

Table legend: (Time is in decaauts)
 A = Elapsed time spent in this place.
 B = Non-inter-level travel time spent in this place.
 C = Inter-level travel time spent in this place.
 D = Time resting spent in this place.
 E = Time spent auto-exploring this place.
 F = Levels seen in this place.
 G = Mean time per level.
                   A        B        C        D        E       F      G
               +--------+--------+--------+--------+--------+-----+--------+
         Total |   4579 |   4451 |    128 |    286 |   3607 |   5 |  915.8 |
       Dungeon |   4579 |   4451 |    128 |    286 |   3607 |   5 |  915.8 |
               +--------+--------+--------+--------+--------+-----+--------+

Top non-repeatable levels by time:
     D:2: 1366 daAuts
     D:3: 1321 daAuts
     D:1: 1247 daAuts
     D:4: 529 daAuts
     D:5: 114 daAuts
